 Dungeon Crawl Stone Soup version 0.17-a0-744-gaa96792 (webtiles) character file.

206191 abixa the Shatterer (level 18, -1/210 HPs)
             Began as an Ogre Hunter on Apr 18, 2015.
             Was the Champion of Okawaru.
             Killed from afar by Aizul (21 damage)
             ... with a poison arrow
             ... on level 6 of the Lair of Beasts on Apr 21, 2015.
             The game lasted 04:19:28 (46342 turns).

abixa the Shatterer (Ogre Hunter)                  Turns: 46342, Time: 04:19:28

Health: -1/210     AC: 26    Str: 22    XL:     18   Next: 71%
Magic:  24/24      EV: 12    Int: 14    God:    Okawaru [******]
Gold:   3712       SH:  0    Dex: 14    Spells: 1 memorised, 16 levels left

rFire  . . .     SeeInvis .     c - +4 giant club "Piquz" {speed, Int+2}
rCold  . . .     Clarity  .     r - +0 storm dragon armour
rNeg   . . .     SustAb   .     (no shield)
rPois  +         Gourm    .     W - +2 hat
rElec  +         Spirit   .     g - +2 cloak {MR+}
rCorr  .         Warding  .     (gloves unavailable)
rMut   .         Stasis   .     (boots unavailable)
MR     ++...                    Z - amulet of faith
Stlth  ..........               w - +2 ring of protection
                                x - ring of poison resistance

@: lethally poisoned (-1 -> -15), heroism, very slightly contaminated, studying
Invocations, very resistant to hostile enchantments, extremely unstealthy
A: unfitting armour, tough skin 1
a: Heroism, Finesse, Renounce Religion
}: 1/15 runes: decaying


You were on level 6 of the Lair of Beasts.
You worshipped Okawaru.
Okawaru was exalted by your worship.
You were not hungry.

You visited 6 branches of the dungeon, and saw 34 of its levels.
You also visited: Ice Cave.

You collected 4325 gold pieces.
You spent 613 gold pieces at shops.

Inventory:

Hand weapons
 a - the +5 giant spiked club of Infinite Pain {crush, +Blink rPois MR+ Stlth+}
   (Okawaru gifted it to you on level 2 of the Lair of Beasts)

   It inflicts extra damage upon your enemies.
   It protects you from poison.
   It affects your resistance to hostile enchantments.
   It lets you blink.
   It makes you more stealthy.
 b - a +1 blowgun of evasion
 c - the +4 giant club "Piquz" (weapon) {speed, Int+2}
   (Okawaru gifted it to you on level 4 of the Lair of Beasts)

   Attacks with this weapon are significantly faster.
   It affects your intelligence (+2).
 f - the +3 giant club of the Apocalypse {drain, Noisy +Blink rF+ rC+}
   (Okawaru gifted it to you on level 6 of the Lair of Beasts)

   A truly terrible weapon, it drains the life of those it strikes.
   It protects you from fire.
   It protects you from cold.
   It lets you blink.
   It may make noises in combat.
 J - the +3 giant spiked club of Pauluq {antimagic, MR+ Int+7}
   (Okawaru gifted it to you on level 8 of the Lair of Beasts)

   It disrupts the flow of magical energy around spellcasters and certain
   magical creatures (including the wielder).
   It affects your intelligence (+7).
   It affects your resistance to hostile enchantments.
Missiles
 s - 18 poisoned tomahawks
 v - 6 throwing nets
 y - 3 tomahawks (quivered)
 E - 35 poisoned javelins
 M - 59 poisoned needles
 T - 11 curare-tipped needles
 X - 51 large rocks
Armour
 g - a +2 cloak of magic resistance (worn)
 r - a +0 storm dragon armour (worn)
 W - a +2 hat (worn)
Jewellery
 m - an uncursed ring of flight
 w - a +2 ring of protection (right hand)
 x - a ring of poison resistance (left hand)
 F - an uncursed ring of protection from cold
 G - the ring of the Unkillable {Fire rPois}
   (You found it in an ice cave)

   [ring of fire]

   It enhances your fire magic, and weakens your ice magic.
   It protects you from fire.
   It makes you vulnerable to cold.
   It protects you from poison.
 K - an uncursed ring of see invisible
 Z - an amulet of faith (around neck)
Magical devices
 B - a wand of enslavement (4)
 Q - a wand of disintegration (12)
 S - a wand of digging (11)
 Y - a wand of polymorph (16)
Scrolls
 d - 3 scrolls of summoning
 e - 4 scrolls of vulnerability
 i - 4 scrolls of blinking
 j - 4 scrolls of fog
 k - 5 scrolls of magic mapping
 l - a scroll of torment {unknown}
 p - 21 scrolls of remove curse
 I - 5 scrolls of fear
 L - 2 scrolls of silence
 R - 15 scrolls of teleportation
Potions
 n - 5 potions of heal wounds
 o - 3 potions of invisibility
 q - a potion of cure mutation
 t - 16 potions of curing
 u - 2 potions of cancellation
 C - 5 potions of haste
 N - 7 potions of might
 U - 5 potions of agility
Books
 h - a manual of Invocations
Comestibles
 z - 3 chunks of flesh
 O - 23 fruits


   Skills:
 - Level 20.1(25.1) Fighting
 - Level 22.0(27) Maces & Flails
 - Level 15.0(20.0) Throwing
 - Level 13.0(18.0) Armour
 - Level 6.0(11.0) Dodging
 - Level 0.7(5.7) Stealth
 + Level 8.0 Invocations


You had 16 spell levels left.
You knew the following spells:

 Your Spells              Type           Power        Failure   Level  Hunger
a - Apportation           Tloc           #.........   93%         1    ##.....


Dungeon Overview and Level Annotations

Branches:
Dungeon (15/15)            Temple (1/1) D:6            Lair (8/8) D:10
  Swamp (5/5) Lair:6       Spider (1/5) Lair:6        Slime (0/6) Lair:7
    Orc (4/4) D:12            Elf (0/3) Orc:4        Vaults (0/5) D:13
 Depths (0/5) D:15

Altars:
Ashenzari
Cheibriados
Dithmenos
Elyvilon
Fedhas
Gozag
Kikubaaqudgha
Makhleb
Nemelex Xobeh
Okawaru
Qazlal
Ru
Sif Muna
Trog
Vehumet
Xom
Yredelemnul
Zin
The Shining One
Beogh
Jiyva

Shops:
D:7 =   D:8 ?   Orc:4 *?[}

Portals:
Pandemonium: Orc:4

Annotations:
Lair:1 exclusion: oklob plant
Lair:6 Aizul


Innate Abilities, Weirdness & Mutations

You are too large for most types of armour.
You have tough skin (AC +1).


Message History

Drink which item? (? for menu, Esc to quit)
Okay, then.
Unknown command.
Unknown command.
Read which item? (? for menu, Esc to quit)
Blink to where?
Press: ? - help, Dir - move target cursor You are very lightly contaminated with residual magic.
As you read the scroll of blinking, it crumbles to dust.
You feel sick.
Aizul coils himself and waves his upper body at you.
The poison arrow misses you.
Aizul hisses menacingly.
You feel sick.
You feel sick. Aizul casts a spell at you. The poison arrow hits you!
You are more poisoned.
You partially resist.
You die...

#.#..............##..##PP.
#...#.P.P..#.#...###..##..
##...#.PP...#.#.####...##.
#...#[......#..###.......
#.../.......#...##.......
##...?......#..#.#....P.P
#..........#....###...#..
#P.........#.....#....#..
##....<.@.......##.....P..
#P........................
##............[..=........
#P......#.S...#..........
##.....####..##..........
#.......#.#.#............
#.......##s.s#.....####.#
##.[.......>.....### ####
##......##s...#..#####P#


You could see Aizul and a demonic crawler.

Vanquished Creatures
  Agnes (Spider:1)
  A thorn hunter (Swamp:4)
  Frances (D:13)
  A storm dragon (D:11)
  An orc warlord (Orc:3)
  3 very ugly things (Swamp:5)
  2 death oozes (Swamp:5)
  The ghost of Zwobot the Spry, a powerful SpCK of Gozag (Lair:8)
  A fire dragon (D:15)
  4 vault guards (D:12)
  An ettin (D:15)
  2 green deaths (Swamp:5)
  Josephine (Lair:6)
  24 hydras
  Harold (Lair:2)
  Erolcha (D:12)
  A hell beast (Swamp:5)
  3 centaur warriors
  A ghost crab (Swamp:4)
  5 death yaks
  An ogre mage (D:15)
  4 tengu warriors
  7 orc high priests
  7 alligators
  Urug (Orc:3)
  A thrashing horror (Swamp:5)
  Nergalle (Orc:2)
  5 unseen horrors
  A wizard (D:11)
  4 ball lightnings (D:13)
  A torturous demonspawn (Orc:4)
  3 spriggan druids
  4 lindwurms (Lair:8)
  A deep troll (D:15)
  A gelid demonspawn (Orc:4)
  8 hill giants
  An ice statue (IceCv)
  5 shambling mangroves
  3 swamp dragons
  Pikel (D:7)
  10 orc knights
  An orb spider (Spider:1)
  12 ugly things
  A wolf spider (Spider:1)
  2 hornets
  4 cyclopes
  2 manticores
  25 elephants
  7 black mambas
  10 orc sorcerers
  Maurice (D:8)
  2 orange demons (Swamp:5)
  A rust devil (Orc:4)
  4 kobold demonologists
  2 centaur skeletons (D:13)
  A gargoyle (D:12)
  33 spiny frogs
  18 komodo dragons
  A red devil (Orc:4)
  A demonic crawler (Spider:1)
  5 trolls
  2 efreet
  A tengu conjurer (D:15)
  2 blue devils (Orc:4)
  2 jumping spiders (Spider:1)
  10 wind drakes (D:13)
  16 polar bears
  8 baby alligators
  A harpy skeleton (D:15)
  5 giant leeches
  26 slime creatures
  2 fire drakes
  2 two-headed ogres
  8 bog bodies
  A trapdoor spider (Spider:1)
  3 deep elf magi
  12 ravens
  A water elemental (D:15)
  21 blink frogs
  10 air elementals (D:13)
  12 spriggans
  4 shadows
  2 redbacks (Spider:1)
  5 wraiths (Lair:6)
  4 wyverns
  63 yaks
  A basilisk (shapeshifter) (D:14)
  A neqoxec (Orc:4)
  A chaos spawn (Orc:4)
  22 vampire mosquitoes
  9 hippogriffs
  23 wolves
  2 hungry ghosts
  2 steam dragons
  2 wargs
  2 basilisks
  34 swamp worms
  37 insubstantial wisps
  3 mottled dragons
  2 soldier ants
  14 porcupines
  25 water moccasins
  45 orc warriors
  6 phantoms
  2 black bears
  4 slaves (D:7)
  3 ice beasts
  11 wasps
  14 centaurs
  4 sky beasts
  An eye of draining (D:15)
  2 spiders (Spider:1)
  12 swamp drakes
  2 boring beetles
  9 ogres
  3 big kobolds
  16 crocodiles
  A brain worm (D:15)
  A gnoll sergeant (D:9)
  47 giant frogs
  2 wyvern zombies
  5 scorpions
  25 killer bees
  5 electric eels
  3 centaur zombies
  2 goliath beetles (Lair:6)
  24 wights
  10 crimson imps
  3 giant frog zombies
  36 orc priests
  2 giant frog skeletons
  Crazy Yiuf (D:3)
  Ijyb (D:3)
  A gnoll shaman (D:7)
  6 hounds
  2 jellies (D:8)
  35 orc wizards
  10 iguanas
  13 worker ants
  A killer bee zombie (D:8)
  8 sheep
  A hound zombie (D:9)
  A worker ant zombie (D:8)
  13 adders
  11 gnolls
  54 river rats
  5 shadow imps
  12 white imps (Lair:3)
  An ufetubus (D:12)
  2 oozes
  An adder zombie (D:6)
  An adder skeleton (D:8)
  2 worms
  6 giant geckos
  217 orcs
  18 bats
  2 bat skeletons
  8 giant cockroaches
  23 goblins
  29 hobgoblins
  13 jackals
  31 kobolds
  4 quokkas
  A ball python (D:2)
  A ball python skeleton (D:6)
  A giant gecko skeleton (D:6)
  3 giant newts
  A giant spore (D:12)
  2 quokka skeletons
  10 rats
  2 ballistomycetes (D:12)
  3 fungi
  A plant (Swamp:5)
1520 creatures vanquished.

Vanquished Creatures (collateral kills)
  A frost giant (IceCv)
  A water moccasin (Lair:4)
  A crocodile (Lair:4)
3 creatures vanquished.

Vanquished Creatures (others)
  An ogre mage (D:15)
  8 ball lightnings (D:13)
  A spiny frog (Lair:4)
  2 wolves (IceCv)
  An orc (Orc:4)
  13 fungi
  3 plants (Lair:8)
29 creatures vanquished.

Grand Total: 1552 creatures vanquished

Notes
Turn   | Place    | Note
--------------------------------------------------------------
     0 | D:1      | abixa, the Ogre Hunter, began the quest for the Orb.
     0 | D:1      | Reached XP level 1. HP: 22/22 MP: 1/1
   326 | D:1      | Reached XP level 2. HP: 24/31 MP: 2/2
   538 | D:1      | Reached skill level 1 in Maces & Flails
  1071 | D:1      | Reached XP level 3. HP: 37/39 MP: 3/3
  1527 | D:2      | Found a shimmering altar of Xom.
  1527 | D:2      | Found a shimmering altar of Xom.
  1527 | D:2      | Found a shimmering altar of Xom.
  1666 | D:2      | Found a shimmering altar of Xom.
  1666 | D:2      | Found a shimmering altar of Xom.
  1673 | D:2      | Found a shimmering altar of Xom.
  1794 | D:2      | Reached XP level 4. HP: 41/48 MP: 4/4
  2443 | D:3      | Found a blossoming altar of Fedhas.
  2450 | D:3      | Reached skill level 5 in Maces & Flails
  2482 | D:3      | Noticed Ijyb
  2528 | D:3      | Killed Ijyb
  2528 | D:3      | Reached XP level 5. HP: 21/54 MP: 1/5
  2734 | D:3      | Found a sparkling altar of Nemelex Xobeh.
  3201 | D:3      | Noticed Crazy Yiuf
  3205 | D:3      | Killed Crazy Yiuf
  3229 | D:3      | Upgraded the game from 0.17-a0-670-g5d95ebd to 0.17-a0-701-gb6462b4
  3599 | D:4      | Reached XP level 6. HP: 63/63 MP: 6/6
  3656 | D:4      | Noticed an ogre
  3677 | D:4      | Killed an ogre
  3677 | D:4      | Reached skill level 5 in Fighting
  3677 | D:4      | Reached skill level 6 in Maces & Flails
  4273 | D:5      | Entered Level 5 of the Dungeon
  4286 | D:5      | Reached skill level 5 in Throwing
  4336 | D:5      | Found a shimmering altar of Xom.
  4658 | D:5      | Reached skill level 7 in Maces & Flails
  4658 | D:5      | Reached XP level 7. HP: 44/72 MP: 5/7
  5103 | D:5      | Found an iron altar of Okawaru.
  5109 | D:5      | Reached skill level 8 in Maces & Flails
  5157 | D:5      | Became a worshipper of Warmaster Okawaru
  5481 | D:5      | Reached skill level 9 in Maces & Flails
  5915 | D:6      | Reached XP level 8. HP: 81/81 MP: 8/8
  6013 | D:6      | Reached skill level 10 in Maces & Flails
  6125 | D:6      | Acquired Okawaru's first power
  6178 | D:6      | Reached skill level 11 in Maces & Flails
  6388 | D:6      | Found a staircase to the Ecumenical Temple.
  6402 | Temple   | Entered the Ecumenical Temple
  6550 | D:6      | Reached skill level 12 in Maces & Flails
  6658 | D:6      | Reached XP level 9. HP: 47/89 MP: 5/9
  7013 | D:7      | Found Uwnahuf's Jewellery Emporium.
  7330 | D:7      | Reached skill level 13 in Maces & Flails
  8302 | D:8      | Noticed Maurice
  8452 | D:8      | Found Dumpuwoy's Magic Scroll Boutique.
  9008 | D:8      | Noticed a manticore
  9019 | D:8      | Killed a manticore
  9019 | D:8      | Reached skill level 14 in Maces & Flails
  9368 | D:7      | Reached XP level 10. HP: 68/107 MP: 6/10
 10515 | D:8      | Killed Maurice
 10515 | D:8      | Received a gift from Okawaru
 10515 | D:8      | Reached skill level 10 in Fighting
 10580 | D:8      | Found Dumpuwoy's Magic Scroll Boutique.
 10583 | D:8      | Bought a scroll of identify for 26 gold pieces
 10583 | D:8      | Bought a scroll of brand weapon for 260 gold pieces
 10583 | D:8      | Bought a scroll of identify for 26 gold pieces
 10583 | D:8      | Bought a scroll of magic mapping for 45 gold pieces
 11884 | D:8      | Received a gift from Okawaru
 12456 | D:9      | Noticed a cyan ugly thing
 12473 | D:9      | HP: 1/114 [gnoll sergeant/spear (7)]
 12477 | D:9      | Found a white marble altar of Elyvilon.
 12824 | D:9      | Upgraded the game from 0.17-a0-701-gb6462b4 to 0.17-a0-702-gb3a3556
 12824 | D:9      | Upgraded the game from 0.17-a0-702-gb3a3556 to 0.17-a0-725-gfa8c127
 13758 | D:9      | Reached XP level 11. HP: 124/124 MP: 11/11
 13910 | D:10     | Entered Level 10 of the Dungeon
 14249 | D:10     | Found a staircase to the Lair.
 14292 | Lair:1   | Entered Level 1 of the Lair of Beasts
 14582 | D:10     | Acquired Okawaru's second power
 14936 | D:10     | Noticed a six-headed hydra
 14942 | D:10     | Killed a six-headed hydra
 15116 | D:7      | Noticed Pikel
 15147 | D:7      | Killed Pikel
 15291 | D:10     | Received a gift from Okawaru
 15421 | Lair:1   | Noticed a six-headed hydra
 15442 | Lair:1   | Killed a six-headed hydra
 15442 | Lair:1   | Received a gift from Okawaru
 15609 | Lair:1   | Found a blossoming altar of Fedhas.
 16278 | Lair:2   | Noticed Harold
 16299 | Lair:2   | Killed Harold
 16299 | Lair:2   | Received a gift from Okawaru
 16299 | Lair:2   | Reached skill level 15 in Fighting
 16299 | Lair:2   | Reached skill level 10 in Throwing
 16300 | Lair:2   | Got an ichor-stained giant spiked club {god gift}
 16313 | Lair:2   | Identified the +5 giant spiked club of Infinite Pain {crush, +Blink rPois MR+ Stlth+} (Okawaru gifted it to you on level 2 of the Lair of Beasts)
 16654 | Lair:2   | Reached XP level 12. HP: 107/141 MP: 8/12
 16658 | Lair:2   | Reached skill level 15 in Maces & Flails
 17238 | Lair:3   | Found a frozen archway.
 17276 | Lair:3   | Noticed a four-headed hydra
 17284 | Lair:3   | Killed a four-headed hydra
 17354 | IceCv    | Entered an ice cave
 18318 | IceCv    | Received a gift from Okawaru
 18345 | IceCv    | Reached skill level 16 in Maces & Flails
 18535 | IceCv    | Received a gift from Okawaru
 18679 | IceCv    | Received a gift from Okawaru
 18746 | IceCv    | Reached skill level 17 in Maces & Flails
 18856 | IceCv    | Noticed a death yak
 18874 | IceCv    | Killed a death yak
 19229 | IceCv    | Noticed a frost giant
 19366 | IceCv    | Killed a frost giant
 19366 | IceCv    | Reached skill level 18 in Maces & Flails
 19366 | IceCv    | Reached XP level 13. HP: 149/149 MP: 13/13
 19372 | IceCv    | Got a coiled ruby amulet
 19438 | IceCv    | Got a transparent copper ring
 19603 | Lair:3   | Identified the amulet "Routocw" {Clar Int+4} (You took it off a frost giant in an ice cave)
 19607 | Lair:3   | Identified the ring of the Unkillable {Fire rPois} (You found it in an ice cave)
 19684 | Lair:3   | Noticed a seven-headed hydra
 19689 | Lair:3   | Killed a seven-headed hydra
 20059 | Lair:3   | Received a gift from Okawaru
 20269 | Lair:4   | Reached skill level 19 in Maces & Flails
 20284 | Lair:4   | Noticed Sonja
 20298 | Lair:4   | Noticed Sonja
 20298 | Lair:4   | Sonja changed into Sonja the spiny frog
 20307 | Lair:4   | Sonja the spiny frog (ally) was killed
 20307 | Lair:4   | Your ally Sonja died
 20484 | Lair:4   | Received a gift from Okawaru
 20499 | Lair:4   | Got a jewelled giant club {god gift}
 21390 | D:11     | Found a runed door.
 21417 | D:11     | Reached skill level 20 in Maces & Flails
 21444 | D:11     | Received a gift from Okawaru
 21825 | D:11     | Received a gift from Okawaru
 22284 | D:11     | Received a gift from Okawaru
 22330 | D:11     | Noticed a storm dragon
 22338 | D:11     | Identified the +4 giant club "Piquz" {speed, Int+2} (Okawaru gifted it to you on level 4 of the Lair of Beasts)
 22400 | D:12     | Reached skill level 21 in Maces & Flails
 22496 | D:12     | Received a gift from Okawaru
 22609 | D:12     | Reached XP level 14. HP: 156/159 MP: 14/14
 22918 | D:12     | Found a white marble altar of Elyvilon.
 23071 | D:12     | Received a gift from Okawaru
 23159 | D:12     | Killed a cyan ugly thing
 23332 | D:12     | Noticed Erolcha
 23344 | D:12     | Killed Erolcha
 23547 | D:12     | Learned a level 1 spell: Apportation
 23646 | D:12     | Received a gift from Okawaru
 23699 | D:12     | Found a staircase to the Orcish Mines.
 24210 | Orc:1    | Entered Level 1 of the Orcish Mines
 24719 | Orc:2    | Noticed Nergalle
 24725 | Orc:2    | Killed Nergalle
 24725 | Orc:2    | Reached skill level 22 in Maces & Flails
 25384 | Orc:3    | Received a gift from Okawaru
 25725 | Orc:3    | Noticed Urug
 25736 | Orc:3    | Killed Urug
 25768 | Orc:3    | Noticed an orc warlord
 25830 | Orc:4    | Entered Level 4 of the Orcish Mines
 26033 | Orc:3    | Killed an orc warlord
 26444 | Orc:3    | Found a roughly hewn altar of Beogh.
 26460 | Orc:3    | Reached skill level 5 in Dodging
 26697 | Orc:3    | Received a gift from Okawaru
 27199 | Orc:3    | Received a gift from Okawaru
 27475 | Orc:4    | Found a staircase to the Elven Halls.
 27694 | Orc:3    | Received a gift from Okawaru
 27999 | Orc:4    | Found Yliucka's Magic Scroll Shop.
 28001 | Orc:4    | Found Neocaud's General Store.
 28298 | Orc:4    | Bought a scroll of identify for 20 gold pieces
 28298 | Orc:4    | Bought a scroll of identify for 20 gold pieces
 28298 | Orc:4    | Bought a scroll of recharging for 95 gold pieces
 28298 | Orc:4    | Bought a scroll of blinking for 75 gold pieces
 28298 | Orc:4    | Bought a scroll of noise for 10 gold pieces
 28302 | Orc:4    | Bought a scroll of identify for 36 gold pieces
 28486 | Orc:4    | Received a gift from Okawaru
 28496 | Orc:4    | Reached XP level 15. HP: 170/170 MP: 13/15
 28516 | Orc:4    | Got a crude great mace {god gift}
 28552 | Orc:4    | Found Luefru's Gadget Shoppe.
 28552 | Orc:4    | Found a one-way gate leading to the halls of Pandemonium.
 28552 | Orc:4    | Found Xavex's Antique Armour Emporium.
 28696 | Orc:4    | Identified the +3 great mace "Rymp" {crush, MR+ Str+4 Int+2} (Okawaru gifted it to you on level 4 of the Orcish Mines)
 29011 | D:11     | Killed a storm dragon
 29242 | Lair:5   | Reached skill level 1 in Armour
 30231 | Lair:6   | Received a gift from Okawaru
 30246 | Lair:6   | Got a transparent giant club {god gift}
 30250 | Lair:6   | Found a staircase to the Swamp.
 30329 | Lair:6   | Reached skill level 5 in Armour
 30410 | Lair:6   | Noticed Josephine
 30481 | Lair:6   | Killed Josephine
 30725 | Lair:6   | Found a hole to the Spider Nest.
 31339 | Lair:2   | Identified the +3 giant club of the Apocalypse {drain, Noisy +Blink rF+ rC+} (Okawaru gifted it to you on level 6 of the Lair of Beasts)
 31645 | Lair:7   | Received a gift from Okawaru
 31870 | Lair:7   | Found a staircase to the Slime Pits.
 31870 | Lair:7   | Found a viscous altar of Jiyva.
 32482 | Lair:8   | Entered Level 8 of the Lair of Beasts
 32613 | Lair:8   | Received a gift from Okawaru
 32726 | Lair:8   | Reached XP level 16. HP: 150/179 MP: 16/16
 33091 | Lair:8   | Noticed Zwobot's ghost (powerful SpCK)
 33137 | Lair:8   | Killed Zwobot's ghost
 33318 | Lair:8   | Reached skill level 10 in Armour
 33475 | Lair:8   | Received a gift from Okawaru
 33479 | Lair:8   | Got a twisted giant spiked club {god gift}
 33767 | Lair:2   | Identified the +3 giant spiked club of Pauluq {antimagic, MR+ Int+7} (Okawaru gifted it to you on level 8 of the Lair of Beasts)
 33940 | D:13     | Found a gate to the Vaults.
 34927 | D:13     | Noticed Frances
 34957 | D:13     | Killed Frances
 36473 | D:13     | Received a gift from Okawaru
 36474 | D:13     | Got a warped robe {god gift}
 36542 | D:14     | You fall through a shaft!
 36542 | D:15     | Entered Level 15 of the Dungeon
 37097 | D:15     | Found a staircase to the Depths.
 37100 | D:15     | Reached XP level 17. HP: 183/187 MP: 17/17
 37685 | D:15     | Reached skill level 15 in Throwing
 38041 | D:14     | Received a gift from Okawaru
 38677 | Swamp:1  | Entered Level 1 of the Swamp
 42765 | Swamp:4  | Received a gift from Okawaru
 42772 | Swamp:4  | Reached skill level 1 in Invocations
 42838 | Swamp:4  | Reached XP level 18. HP: 150/204 MP: 20/20
 43534 | Swamp:4  | Reached skill level 5 in Invocations
 44100 | Swamp:5  | Entered Level 5 of the Swamp
 44369 | Swamp:5  | Received a gift from Okawaru
 44731 | Swamp:5  | Received a gift from Okawaru
 44807 | Swamp:5  | Received a gift from Okawaru
 44869 | Swamp:5  | Received a gift from Okawaru
 45349 | Swamp:5  | Got a decaying rune of Zot
 45630 | Swamp:1  | Received a gift from Okawaru
 45766 | Lair:2   | Identified a scroll of acquirement
 45903 | Spider:1 | Entered Level 1 of the Spider Nest
 46305 | Spider:1 | Noticed Agnes
 46317 | Spider:1 | Killed Agnes
 46321 | Spider:1 | Noticed Aizul
 46340 | Lair:6   | Upgraded the game from 0.17-a0-725-gfa8c127 to 0.17-a0-744-gaa96792
 46342 | Lair:6   | Killed from afar by Aizul

Action                   |  1- 3 |  4- 6 |  7- 9 | 10-12 | 13-15 | 16-18 || total
-------------------------+-------+-------+-------+-------+-------+-------++-------
Melee: Short sword       |    28 |       |       |       |       |       ||    28
       Club              |   110 |   170 |       |       |       |       ||   280
       Hammer            |       |    87 |       |       |       |       ||    87
       Mace              |       |    33 |   104 |       |       |       ||   137
       Giant club        |       |       |   197 |       |  1246 |  1285 ||  2728
       Dire flail        |       |       |    98 |   430 |       |       ||   528
       Giant spiked club |       |       |       |   142 |   273 |   354 ||   769
       Staff             |       |       |       |    70 |       |       ||    70
       Trident           |       |       |       |       |    24 |       ||    24
 Fire: Blowgun           |       |     4 |     6 |    43 |    61 |     8 ||   122
Throw: Stone             |    23 |    92 |   197 |   262 |    90 |       ||   664
       Large rock        |     1 |       |       |    14 |     7 |     7 ||    29
       Tomahawk          |       |     4 |     3 |    38 |   140 |   103 ||   288
       Javelin           |       |       |       |    26 |    29 |       ||    55
Invok: Heroism           |       |       |       |     1 |     5 |     5 ||    11
 Abil: Evoke Flight      |       |       |       |       |       |    14 ||    14
Evoke: Wand              |       |       |       |     3 |     3 |       ||     6
  Use: Scroll            |       |       |     6 |     5 |    14 |    10 ||    35
       Potion            |       |       |       |     1 |       |       ||     1
 Stab: Distracted        |     1 |       |     1 |     2 |       |       ||     4
       Sleeping          |       |       |       |       |     2 |       ||     2
  Eat: Chunk             |     3 |     9 |    14 |    31 |    46 |    47 ||   150
       Fruit             |       |       |     1 |     1 |     2 |     4 ||     8
